 Dungeon Crawl Stone Soup version 0.27.1-33-g824d729ab1 (webtiles) character file.

Game seed: 1860836969695375823

32 Descartes the Grasshopper (level 3, -2/16 HPs)
             Began as a Felid Warper on Nov 25, 2021.
             Slain by an adder (5 damage)
             ... on level 1 of the Dungeon.
             The game lasted 00:01:57 (1750 turns).

Descartes the Grasshopper (Felid Warper)            Turns: 1750, Time: 00:01:57

Health: -2/16      AC:  1    Str:  8    XL:     3   Next: 10%
Magic:  7/7        EV: 18    Int: 14    God:
Gold:   82         SH:  0    Dex: 15    Spells: 6/6 levels left
                                        Lives:  0   Deaths: 0

rFire    . . .     SeeInvis +     - Unarmed
rCold    . . .     Faith    .   (shield unavailable)
rNeg     . . .     Spirit   .   (armour unavailable)
rPois    .         Reflect  .   (helmet unavailable)
rElec    .         Harm     .   (cloak unavailable)
rCorr    .         Rampage  .   (gloves unavailable)
Will     .....                  (boots unavailable)
Stlth    ++........             (no amulet)
HPRegen  0.05/turn              (no ring)
MPRegen  0.10/turn              (no ring)

@: lethally poisoned (-2 -> -7), quick
A: very small, claws 1, fangs 3, see invisible, speed 1, shaggy fur 1, stealthy
paws, no weapons or thrown items, no armour, multi-lived
a: no special abilities


You were on level 1 of the Dungeon.
You visited 1 branch of the dungeon, and saw 2 of its levels.

You collected 82 gold pieces.

Inventory:

Jewellery
 d - a ring of magical power
Scrolls
 a - a scroll of blinking
 b - a scroll of identify {unknown}
 c - a scroll of fear {unknown}
 e - a scroll of teleportation {unknown}


   Skills:
 - Level 2.0 Fighting
 * Level 4.3 Dodging
 + Level 1.8 Stealth
 + Level 2.4 Unarmed Combat
 - Level 2.0 Spellcasting
 - Level 4.4 Translocations


You had 6 spell levels left.
You didn't know any spells.
Your spell library contained the following spells:

 Spells                   Type           Power      Damage    Failure   Level
 Apportation              Tloc           26%        N/A       4%          1
 Blink                    Tloc           N/A        N/A       6%          2
 Gell's Gravitas          Tloc           6%         N/A       12%         3
 Lesser Beckoning         Tloc           6%         N/A       12%         3
 Teleport Other           Tloc           13%        N/A       12%         3
 Animate Skeleton         Necr           2%         N/A       24%         1
 Corona                   Hex            1%         N/A       24%         1
 Summon Small Mammal      Summ           4%         N/A       24%         1
 Manifold Assault         Tloc           13%        N/A       73%         5
 Alistair's Intoxication  Tmut/Pois      0%         N/A       100%        5
 Borgnjor's Vile Clutch   Necr/Erth      0%         N/A       100%        5
 Eringya's Noxious Bog    Tmut/Pois      0%         N/A       100%        6


Dungeon Overview and Level Annotations

Branches:
Dungeon (2/15)

Altars:


Innate Abilities, Weirdness & Mutations

You have sharp claws.
You have razor-sharp teeth.
You have supernaturally acute eyesight. (SInv)
You cover ground quickly. (Speed+)
You are covered in fur. (AC +1)
Your paws help you pounce on unaware monsters.
You are incapable of wielding weapons or throwing items.
You cannot wear armour.
You gain extra lives every three experience levels.


Message History

There is a stone staircase leading up here.
The giant cockroach bites you.
You climb upwards.
There is a stone staircase leading down here.
You are too injured to fight recklessly!
You are too injured to fight recklessly!
You are too injured to fight recklessly!
You scratch the giant cockroach but do no damage.
You bite the giant cockroach.
The giant cockroach is heavily wounded.
The giant cockroach completely misses you.
You scratch the giant cockroach.
You kill the giant cockroach!
There is a stone staircase leading down here.
You see here a giant cockroach corpse.
HP restored.
Done exploring.
You climb downwards.
The hobgoblin hits you. x2; The adder closely misses you.
There is a stone staircase leading up here.
The adder misses you. The hobgoblin closely misses you.
You climb upwards.
There is a stone staircase leading down here.
You see here a giant cockroach corpse.
The adder completely misses you.
There is a stone staircase leading down here.
There is an open door here.
You closely miss the adder. The adder closely misses you.
You barely miss the adder. Your bite misses the adder.
The adder completely misses you. The adder bites you.
You are lethally poisoned!
The adder poisons you!
You miss the adder.
You feel sick. The adder bites you.
* * * LOW HITPOINT WARNING * * *
You aren't carrying any potions.
You aren't carrying any potions.
You scratch the adder.
The adder is heavily wounded.
* * * LOW HITPOINT WARNING * * *
You feel sick. The adder bites you.
You die...

#.# #.##.....#. #.# #...).#####
#.# #........#.
#.####..>...#.#.
#...........#.#. #
#..#............ #
###..#.##.....#### # ######
#.......######### # #....#
#@#...#.........# #
#.##'###S##....#######.#
######.#...#.g.#.#.## #.#
#......#...#.>.#.#.# #.#
##.######...#...#.#.# #.#
#.......#.<.#.>.#.#.# #.##
#..######...#...###.########.##
###..######...#.>^#
#.........)..
.....##...#...#...#
###.#########


You could see an adder and a hobgoblin.

Vanquished Creatures
  A dart slug (D:2)
  3 bats (D:1)
  4 endoplasms
  2 giant cockroaches (D:1)
  A hobgoblin (D:1)
  4 jackals (D:1)
  2 quokkas
  2 ball pythons (D:1)
  A frilled lizard (D:1)
  2 goblins
  2 kobolds (D:1)
  2 rats (D:1)
26 creatures vanquished.

Notes
Turn   | Place    | Note
-------+----------+-------------------------------------------
     0 | D:1      | Descartes the Felid Warper began the quest for the Orb.
     0 | D:1      | Reached XP level 1. HP: 9/9 MP: 4/4
   388 | D:1      | Reached skill level 1 in Stealth
   421 | D:1      | Reached XP level 2. HP: 13/13 MP: 6/6
  1245 | D:2      | Reached XP level 3. HP: 11/16 MP: 7/7
  1750 | D:1      | Slain by an adder

Illustrated notes

Levels and vault maps discovered:
D:1:      minmay_arrival_up_and_down, layout_loops_ring, minmay_distorted
D:2:      layout_basic

Skill      XL: |  1  2 |
---------------+-------+-----
Stealth        | 1 |  1.8
Dodging        | 4 |  4.3
Fighting       | |  2.0
Unarmed Combat | |  2.4
Spellcasting   | |  2.0
Translocations | |  4.4

Action                   || total
-------------------------++-------
Melee: Unarmed           ||   107
       Bite              ||    11
       Punch             ||     3
 Stab: Sleeping          ||     3
Armor: Skin              ||    10
Dodge: Dodged            ||   101
